Map: Givre EC

Players

zidar

  • Race: Zerg Zerg
  • League: Platinum
  • Spawn Location: 7:00

Endonyx - Winner!

  • Race: Zerg Zerg
  • League: Platinum
  • Spawn Location: 1:00

VOD

Have the link to the VOD?

Description

Time

  • Played on: Oct. 10, 2016, 1:46 p.m.
  • Length: 6:16
Show
View Real Time Build Order
Export as new Build Order

zidar Zerg 

Build Orders: Hatch First 

Get SALT Encoding   

  12  0:02  Drone  
  13  0:13  Overlord  
  13  0:17  Drone  
  14  0:31  Drone x2  
  16  0:52  Hatchery  
  16  0:54  Drone  
  16  1:11  Spawning Pool  
  15  1:12  Drone  
  15  1:16  Extractor  
  16  1:18  Drone  
  16  1:38  Drone x3  
  19  1:50  Overlord  
  19  1:57  Roach Warren  
  18  2:01  Queen  
  20  2:11  Queen  
  22  2:26  Overlord  
  22  2:34  Drone x4  
  26  2:58  Roach  
  26  2:59  Roach x4  
  36  3:13  Roach  
  36  3:14  Roach x2  
  36  3:16  Roach  
  44  3:29  Overlord x2  
  44  3:53  Roach x5  
  54  4:09  Roach x2  
  58  4:16  Extractor  
  57  4:20  Drone x3  
  60  4:41  Overlord  
  60  4:42  Overlord x2  
  60  4:58  Overlord  
  60  4:59  Overlord x2  
  60  5:04  Lair  
  60  5:06  Roach  
  60  5:07  Roach  
  52  5:40  Ravager  
  32  6:01  Evolution Chamber  
  31  6:08  Extractor  
  31  6:10  Extractor  
Show
View Real Time Build Order
Export as new Build Order

Endonyx Zerg - Winner!

Build Orders: Pool First 

Get SALT Encoding   

  12  0:01  Drone  
  13  0:12  Drone  
  14  0:17  Overlord  
  14  0:37  Drone x3  
  17  0:46  Spawning Pool  
  16  0:52  Extractor  
  16  0:53  Drone  
  16  1:05  Drone  
  17  1:19  Hatchery  
  16  1:28  Drone  
  16  1:29  Drone  
  18  1:35  Queen  
  20  1:41  Zergling x2  
  21  1:47  Overlord  
  21  1:57  Drone  
  22  2:11  Zergling x2  
  22  2:13  Queen  
  25  2:17  Metabolic Boost  
  25  2:21  Zergling x2  
  26  2:36  Drone x2  
  26  2:37  Drone  
  29  3:04  Baneling Nest  
  28  3:06  Drone x6  
  28  3:10  Zergling x2  
  35  3:18  Drone  
  36  3:29  Overlord  
  36  3:37  Overlord  
  35  3:46  Evolution Chamber, Zergling x2  
  35  3:48  Lair  
  35  3:58  Zergling x2  
  35  3:59  Zergling x16  
  43  4:13  Spine Crawler  
  43  4:15  Zerg Melee Weapons Level 1  
  42  4:17  Extractor  
  42  4:18  Zergling x10  
  46  4:25  Zergling x2  
  46  4:30  Queen, Zergling x2  
  50  4:38  Drone  
  51  4:39  Overlord  
  51  4:42  Overlord  
  51  4:48  Overlord  
  51  4:49  Overlord  
  51  5:01  Spire, Drone  
  51  5:05  Zergling x2  
  51  5:06  Zergling x8  
  56  5:15  Zergling x6  
  55  5:29  Zergling x8  
  48  5:39  Zergling x4  
  48  5:40  Zergling x4  
  46  5:54  Zergling x8  
Tags
 
Add a new tag
Caveats
  • Supply blocks, unpowered buildings, or Contaminate may cause inaccurate times.
  • Supply counts are checked every 10 seconds.